 Dungeon Crawl Stone Soup version 0.30-a0-779-g7971cf19c3 (webtiles) character file.

Game seed: 5438136857341760017

21 elagabalus the Slasher (level 2, 26/26 HPs)
             Began as a Gnoll Reaver on Feb 18, 2023.
             Quit the game on level 1 of the Dungeon.
             The game lasted 00:04:00 (337 turns).

elagabalus the Slasher (Gnoll Reaver)                Turns: 337, Time: 00:04:00

Health: 26/26      AC:  3    Str: 11    XL:     2   Next: 83%
Magic:  6/7        EV: 12    Int: 12    God:
Gold:   28         SH:  0    Dex: 10    Spells: 7/10 levels left

rFire   . . .      SeeInvis .    a - +0 falchion
rCold   . . .      Faith    .    (no shield)
rNeg    . . .      Spirit   .    b - +0 leather armour
rPois   .          Reflect  .    (no helmet)
rElec   .          Harm     .    (no cloak)
rCorr   .          Rampage  .    (no gloves)
Will    .....                    (no boots)
Stlth   +                        (no amulet)
HPRegen 0.24/turn                (no ring)
MPRegen 0.10/turn                (no ring)

@: no status effects
A: fangs 1, strong nose, distributed training
a: no special abilities


You were on level 1 of the Dungeon.
You visited 1 branch of the dungeon, and saw 1 of its levels.

You collected 28 gold pieces.

Inventory:

Hand Weapons
 a - a +0 falchion (weapon)
 c - a +0 rapier
Armour
 b - a +0 leather armour (worn)
Scrolls
 d - a scroll of brand weapon {unknown}


   Skills:
 + Level 4.5 Fighting
 + Level 0.5 Short Blades
 + Level 6.5 Long Blades
 + Level 0.5 Axes
 + Level 0.5 Maces & Flails
 + Level 0.5 Polearms
 + Level 0.5 Staves
 + Level 0.5 Ranged Weapons
 + Level 0.5 Throwing
 + Level 0.5 Armour
 + Level 4.5 Dodging
 + Level 0.5 Stealth
 + Level 0.5 Shields
 + Level 0.5 Unarmed Combat
 + Level 4.9 Spellcasting
 + Level 5.4 Conjurations
 + Level 0.4 Hexes
 + Level 0.4 Summonings
 + Level 0.4 Necromancy
 + Level 0.4 Translocations
 + Level 0.4 Transmutations
 + Level 0.4 Fire Magic
 + Level 0.4 Ice Magic
 + Level 0.4 Air Magic
 + Level 0.4 Earth Magic
 + Level 0.4 Poison Magic
 + Level 0.7 Invocations
 + Level 0.5 Evocations


You had 7 spell levels left.
You knew the following spells:

 Your Spells              Type           Power      Damage    Failure   Level
a - Kiss of Death         Conj/Necr      36%        2d8       9%          1
b - Momentum Strike       Conj/Tloc      18%        3d8       12%         2

Your spell library contained the following spells:

 Spells                   Type           Power      Damage    Failure   Level
 Hailstorm                Conj/Ice       9%         3d4       24%         3


Dungeon Overview and Level Annotations

Branches:
Dungeon (1/15)

Altars:


Innate Abilities, Weirdness & Mutations

You have very sharp teeth.
Your uncanny sense of smell can sniff out nearby items.
Your experience applies equally to all skills.


Message History

A kobold comes into view. It is wielding a +0 short sword.
The kobold shouts!
You closely miss the ball python. The ball python closely misses you.
The ball python barely misses you.
You hit the ball python.
You kill the ball python!
You see here a ball python corpse.
Aiming: Momentum Strike (safe; 12% risk of failure)
Press: ? - help, Q - select action, (/) - cycle Dir - move target, f - kobold
Aim: a kobold, wielding a +0 short sword (60% to hit)
The concentrated momentum misses the kobold.
Aiming: Momentum Strike (safe; 12% risk of failure)
Press: ? - help, Q - select action, (/) - cycle Dir - move target, f/p - kobold
Aim: a kobold, wielding a +0 short sword (60% to hit)
The concentrated momentum hits the kobold!
You kill the kobold!
You are unable to move.
You are no longer robbed of momentum.
Found 8 gold pieces.
A dart slug comes into view.
You hit the dart slug.
The dart slug is lightly wounded.
You hit the dart slug.
The dart slug is moderately wounded.
The dart slug barely misses you.
You hit the dart slug but do no damage.
The dart slug is moderately wounded.
The dart slug misses you.
You hit the dart slug.
The dart slug is severely wounded.
You barely miss the dart slug.
The dart slug is severely wounded.
The dart slug closely misses you.
You hit the dart slug.
You kill the dart slug!
You now have 28 gold pieces (gained 8).
You see here a dart slug corpse.
Found a scroll labelled EPPON CAWAFEFEU.
d - a scroll labelled EPPON CAWAFEFEU Are you sure you want to abandon this character and quit the game? (Confirm with "yes".)

.# ##.....## .#
##...#...## ##
#...###...# #...#
#...# ##..#####..##
∆ ###.(.........#
..#...........#
#.#.⌠...<...⌠.#####
#.#...........#.@.#
#.#...........#.#.#
..####..#..####.#.#
.....##...##....#.#
.#.#.#.....#.####.#
.#.#.###.##.......#
.#.#.#
#.....####...
.#.#.######..# ..
.........)...#


There were no monsters in sight!

Vanquished Creatures
  2 dart slugs (D:1)
  2 ball pythons (D:1)
  2 goblins (D:1)
  2 kobolds (D:1)
  4 bats (D:1)
  2 frilled lizards (D:1)
  3 rats (D:1)
17 creatures vanquished.

Notes
Turn   | Place    | Note
-------+----------+-------------------------------------------
     0 | D:1      | elagabalus the Gnoll Reaver began the quest for the Orb.
     0 | D:1      | Reached XP level 1. HP: 20/20 MP: 6/6
   177 | D:1      | Reached XP level 2. HP: 22/26 MP: 7/7
   180 | D:1      | Learned a level 2 spell: Momentum Strike
   337 | D:1      | Quit the game

Illustrated notes

Levels and vault maps discovered:
D:1:      dpeg_arrival_arbitrary_c, layout_basic

Action                     || total
---------------------------++-------
  Melee: Falchion          ||    55
         Bite              ||     4
         Punch             ||     1
   Cast: Momentum Strike   ||     4
 Armour: Leather armour    ||    14
  Dodge: Dodged            ||    34

Table legend: (Time is in decaauts)
 A = Elapsed time spent in this place.
 B = Non-inter-level travel time spent in this place.
 C = Inter-level travel time spent in this place.
 D = Time resting spent in this place.
 E = Time spent auto-exploring this place.
 F = Levels seen in this place.
 G = Mean time per level.
                   A        B        C        D        E       F      G
               +--------+--------+--------+--------+--------+-----+--------+
         Total |    336 |    154 |    182 |      0 |      0 |   1 |  336.0 |
       Dungeon |    336 |    154 |    182 |      0 |      0 |   1 |  336.0 |
               +--------+--------+--------+--------+--------+-----+--------+

Top non-repeatable levels by time:
     D:1: 336 daAuts
